Map: Eternal Empire LE

Players

RyuKey

  • Race: Terran Terran
  • League: Diamond
  • Spawn Location: 7:00

MKP - Winner!

  • Race: Terran Terran
  • Spawn Location: 1:00

VOD

Have the link to the VOD?

Description

Time

  • Played on: June 22, 2020, 1:06 p.m.
  • Length: 32:03
Show
View Real Time Build Order
Export as new Build Order

RyuKey Terran 

Build Orders: Reaper Expand, Mech 

Get SALT Encoding   

  12  0:00  SCV  
  13  0:12  SCV  
  14  0:17  Supply Depot  
  14  0:24  SCV  
  15  0:38  SCV  
  15  0:39  Barracks  
  16  0:44  Refinery  
  16  0:50  SCV  
  17  1:02  SCV  
  18  1:15  SCV  
  19  1:27  Orbital Command  
  19  1:28  Reaper  
  20  1:33  Supply Depot  
  20  1:58  SCV, Command Center  
  21  2:05  Refinery  
  21  2:10  SCV  
  21  2:11  Barracks Reactor  
  22  2:22  SCV, Factory  
  23  2:34  SCV  
  24  2:46  SCV  
  24  2:49  Marine x2  
  28  2:58  SCV  
  28  3:00  Supply Depot  
  28  3:07  Marine  
  28  3:08  Factory Tech Lab  
  28  3:09  Starport  
  29  3:14  Orbital Command  
  29  3:15  Bunker  
  29  3:16  SCV  
  29  3:19  Marine  
  30  3:24  Marine  
  32  3:28  SCV  
  32  3:39  Factory Tech Lab  
  32  3:40  SCV  
  33  3:43  Marine x2  
  33  3:46  Refinery  
  35  3:50  SCV  
  35  3:52  SCV  
  35  3:54  Supply Depot  
  37  3:57  Banshee  
  37  4:00  Cloaking Field  
  37  4:02  SCV  
  43  4:07  Siege Tank  
  45  4:10  SCV  
  45  4:14  SCV  
  46  4:22  SCV, Marine x2  
  49  4:26  SCV  
  50  4:34  SCV  
  51  4:38  SCV  
  51  4:40  Banshee, Siege Tank  
  58  4:50  SCV x2  
  58  4:51  Marine x2  
  62  4:53  Command Center  
  62  5:07  Supply Depot x2  
  62  5:12  Armory  
  62  5:18  Factory  
  62  5:21  Refinery  
  62  5:28  SCV  
  62  5:29  SCV, Siege Tank  
  67  5:41  SCV x2  
  69  5:45  Banshee  
  69  5:53  SCV x2  
  71  6:00  Armory  
  71  6:01  Siege Tank  
  71  6:02  Factory  
  71  6:03  Barracks Tech Lab  
  74  6:08  SCV x2  
  74  6:09  Orbital Command  
  76  6:14  Terran Vehicle Weapons Level 1  
  76  6:17  Supply Depot  
  76  6:19  Command Center  
  76  6:20  Hellion  
  78  6:37  SCV x2  
  80  6:43  Raven  
  82  6:47  Orbital Command  
  82  6:58  Hellion x2, Siege Tank  
  89  7:03  SCV, Terran Vehicle And Ship Armor Level 1  
  89  7:05  SCV  
  91  7:15  SCV  
  92  7:19  Siege Tank  
  92  7:20  Hellion x2  
  96  7:23  SCV x2  
  98  7:30  Hyperflight Rotors, Siege Tank  
  98  7:31  SCV  
  98  7:34  Orbital Command  
  98  7:35  SCV  
  98  7:36  Supply Depot  
  100  7:40  Refinery  
  100  7:41  Hellion  
  102  7:47  SCV  
  102  7:48  SCV  
  102  7:49  Refinery  
  102  7:50  SCV  
  105  7:52  Hellion x2, Banshee  
  112  8:02  Supply Depot  
  112  8:03  Siege Tank  
  111  8:15  SCV  
  112  8:20  SCV  
  112  8:23  Hellion x2, Siege Tank  
  112  8:24  Infernal Pre-Igniter  
  118  8:35  Banshee, Siege Tank  
  124  8:43  SCV x2  
  124  8:44  Supply Depot x2  
  124  8:45  Hellion  
  124  8:47  SCV  
  124  8:48  SCV  
  130  8:49  Hellion  
  130  8:54  Terran Vehicle Weapons Level 2  
  132  9:01  Supply Depot x3  
  132  9:06  SCV x3, Hellion, Siege Tank  
  132  9:07  Engineering Bay, Siege Tank  
  143  9:11  Hellion  
  145  9:27  Hellion  
  147  9:31  Supply Depot  
  147  9:37  Orbital Command  
  147  9:38  Hellion, Siege Tank  
  152  9:39  Siege Tank  
  155  9:47  Supply Depot  
  155  9:48  Starport  
  155  9:49  Hellion  
  157  9:55  Starport Reactor  
  157  10:02  Supply Depot  
  157  10:10  Siege Tank  
  157  10:12  Terran Vehicle And Ship Armor Level 2  
  160  10:17  Hellion x2, Siege Tank  
  167  10:23  Factory  
  167  10:24  Factory  
  167  10:25  Factory  
  167  10:26  Factory  
  167  10:27  Unknown, Factory  
  167  10:31  SCV x4  
  167  10:33  Supply Depot  
  171  10:38  Supply Depot  
  171  10:39  Hellion  
  171  10:41  Supply Depot  
  171  10:42  Siege Tank  
  176  10:43  Supply Depot  
  160  10:58  Siege Tank  
  163  11:06  Viking x3  
  163  11:10  SCV x2  
  171  11:11  Armory  
  171  11:14  Siege Tank  
  171  11:17  Factory Tech Lab x5  
  174  11:27  Hellion x2  
  174  11:29  Terran Vehicle Weapons Level 3  
  174  11:30  Hellion  
  180  11:36  Viking  
  182  11:45  Sensor Tower  
  182  11:47  Hellion  
  184  11:48  Command Center  
  184  12:01  Missile Turret  
  184  12:02  Missile Turret x2  
  184  12:03  Missile Turret, Thor x2  
  184  12:05  Hellion x2, Missile Turret  
  184  12:06  Missile Turret  
  184  12:07  Command Center  
  184  12:08  Refinery, Command Center  
  200  12:12  Refinery  
  200  12:29  Terran Ship Weapons Level 1, Terran Vehicle And Ship Armor Level 3  
  200  12:35  Missile Turret  
  192  12:52  Viking  
  192  12:53  Viking x2  
  192  12:55  Thor  
  186  13:22  Viking  
  186  13:23  Viking x2  
  186  13:25  Orbital Command  
  192  13:27  Planetary Fortress  
  192  13:29  Orbital Command  
  192  13:52  Viking  
  191  14:45  Siege Tank x3  
  200  14:57  Viking x3  
  200  15:15  Terran Ship Weapons Level 2  
  144  16:34  Factory, Starport  
  144  16:35  Siege Tank x6  
  144  16:36  Factory, Starport  
  144  16:37  Factory x2, Sensor Tower  
  145  16:56  Viking x3  
  145  16:59  Command Center  
  151  17:07  Siege Tank x3  
  151  17:08  Hellion x2, Siege Tank  
  161  17:29  Factory Tech Lab x2  
  161  17:30  Factory Reactor  
  161  17:31  Factory Tech Lab  
  161  17:32  Starport Reactor  
  161  17:33  Starport Tech Lab  
  161  17:35  Engineering Bay  
  161  17:53  Siege Tank  
  161  17:54  Siege Tank x6  
  161  17:55  Terran Ship Weapons Level 3  
  161  17:56  Refinery  
  182  18:01  Missile Turret  
  182  18:02  Refinery  
  182  18:05  Missile Turret  
  182  18:08  Missile Turret  
  182  18:10  Missile Turret  
  182  18:11  Thor x2  
  194  18:16  Liberator x2  
  200  18:34  Orbital Command  
  200  18:41  Command Center  
  200  18:42  Command Center  
  199  18:56  Planetary Fortress  
  149  19:11  Viking x5  
  149  19:12  Viking  
  154  19:26  Thor x5  
  168  19:41  Viking x6  
  168  19:42  Refinery x2  
  167  20:11  Viking x6  
  146  20:35  Siege Tank  
  146  20:41  Viking x4  
  153  21:05  Command Center  
  86  21:38  Siege Tank x5  
  63  22:48  Orbital Command  
  63  22:59  Refinery  
  63  23:00  Refinery  
  63  23:09  Siege Tank  
  63  23:10  Siege Tank  
  69  23:35  Hellion  
  69  23:36  Hellion x8  
  87  23:42  Hellion x2, Planetary Fortress  
  91  23:57  Hellion x5  
  77  24:12  Hellion x6  
  77  24:18  Hellion  
  77  24:19  Hellion x2  
  62  24:39  Hellion x8  
  62  24:40  Hellion x2  
  76  25:04  Viking x3  
  42  25:44  Viking x2  
  40  25:57  Starport  
  37  26:45  Banshee  
  40  27:03  SCV x2  
  42  27:15  SCV x2  
  44  27:26  SCV  
  44  27:27  SCV, Banshee  
  49  27:31  Viking x2  
  49  27:35  SCV  
  54  27:38  SCV  
  54  27:39  SCV, Siege Tank x3  
  60  28:01  Viking  
  52  28:10  Banshee  
  52  28:11  Smart Servos  
  55  28:18  Siege Tank x3  
  51  29:12  Siege Tank  
  54  29:45  Command Center  
  31  31:10  Orbital Command  
Show
View Real Time Build Order
Export as new Build Order

MKP Terran - Winner!

Build Orders:  

Get SALT Encoding   

  12  0:01  SCV  
  13  0:13  SCV  
  14  0:18  Supply Depot  
  14  0:25  SCV  
  15  0:39  SCV  
  15  0:40  Barracks  
  16  0:51  SCV  
  17  1:00  Refinery  
  17  1:03  SCV  
  18  1:16  SCV  
  19  1:31  Orbital Command, Marine  
  20  1:47  Command Center  
  20  1:49  Marine  
  21  1:58  SCV  
  21  1:59  Supply Depot  
  21  2:07  Marine  
  22  2:14  Factory  
  22  2:16  SCV  
  23  2:26  Refinery  
  23  2:28  SCV  
  24  2:30  Marine  
  25  2:37  Supply Depot  
  25  2:40  SCV  
  26  2:47  Marine  
  27  2:52  SCV  
  27  2:58  Starport  
  28  2:59  Factory Tech Lab  
  28  3:04  SCV  
  29  3:06  Orbital Command  
  29  3:09  Marine  
  30  3:20  Siege Tank  
  30  3:23  SCV  
  34  3:34  Supply Depot  
  34  3:35  SCV, Starport Reactor  
  35  3:41  Barracks Tech Lab  
  35  3:42  Refinery  
  35  3:52  Siege Tank  
  35  3:55  Supply Depot  
  38  4:01  SCV  
  38  4:02  SCV  
  40  4:13  SCV  
  40  4:14  SCV  
  40  4:16  Marine  
  43  4:17  Stimpack  
  43  4:26  SCV x2  
  45  4:35  Barracks  
  45  4:37  Barracks  
  45  4:38  SCV x2  
  47  4:47  Engineering Bay  
  47  4:49  Engineering Bay  
  47  4:50  SCV  
  47  4:51  SCV  
  49  4:55  Medivac  
  51  5:00  Viking  
  51  5:02  SCV  
  51  5:04  Marine  
  55  5:10  SCV  
  55  5:12  Supply Depot  
  56  5:15  SCV  
  56  5:19  Terran Infantry Weapons Level 1, Terran Infantry Armor Level 1  
  57  5:22  SCV  
  57  5:25  Barracks Reactor x2  
  57  5:27  SCV, Medivac  
  60  5:36  Missile Turret  
  57  5:46  SCV  
  58  5:52  SCV  
  58  5:54  Command Center  
  59  5:59  SCV, Missile Turret, Refinery  
  60  6:06  Missile Turret  
  60  6:07  Marine  
  60  6:08  Marine x2  
  60  6:09  Marine  
  60  6:10  Marine  
  60  6:11  SCV  
  66  6:14  Combat Shield  
  66  6:24  Medivac  
  66  6:25  Viking  
  70  6:27  Marine  
  70  6:28  Marine x2  
  70  6:30  Marine  
  74  6:33  SCV  
  75  6:44  Marine  
  75  6:45  SCV  
  77  6:56  Supply Depot  
  77  6:59  Supply Depot  
  77  7:04  Supply Depot  
  77  7:05  Viking, Medivac, Siege Tank  
  84  7:09  Armory  
  84  7:10  SCV  
  82  7:36  Marine x4  
  88  7:38  Marine  
  88  7:42  Armory  
  87  7:45  SCV x2  
  89  7:57  SCV x2, Orbital Command  
  91  8:01  Marine  
  91  8:02  Marine  
  91  8:03  Marine  
  91  8:05  Marine  
  95  8:09  SCV x2  
  97  8:20  Missile Turret  
  97  8:21  SCV x2  
  99  8:33  SCV x2  
  101  8:36  SCV  
  101  8:40  Refinery x2, Sensor Tower  
  102  8:45  SCV x2  
  104  8:48  SCV  
  104  8:51  Marine  
  104  8:52  Medivac, Marine, Siege Tank  
  104  8:53  Viking, Command Center  
  104  8:54  Marine  
  104  8:55  Marine  
  115  8:56  Marine  
  115  8:57  SCV  
  117  9:04  Supply Depot  
  117  9:07  Supply Depot  
  117  9:09  Supply Depot  
  117  9:10  Terran Infantry Weapons Level 2  
  117  9:13  Terran Infantry Armor Level 2  
  117  9:18  Supply Depot  
  117  9:19  Supply Depot  
  117  9:22  Missile Turret  
  117  9:26  SCV x3  
  117  9:29  Marine x5  
  125  9:40  SCV x2  
  125  9:41  SCV  
  128  9:47  Marine  
  129  9:52  SCV  
  129  9:53  SCV x2  
  129  9:56  Missile Turret  
  132  10:02  Sensor Tower  
  132  10:04  Barracks  
  132  10:05  Barracks  
  132  10:06  Barracks  
  132  10:08  Starport, Fusion Core  
  132  10:09  Terran Ship Weapons Level 1  
  132  10:11  Marine  
  132  10:12  Marine x4  
  137  10:14  Siege Tank  
  137  10:17  Viking  
  137  10:20  Viking  
  144  10:25  SCV x3  
  144  10:27  Supply Depot  
  147  10:30  Orbital Command  
  139  11:00  Viking x2  
  143  11:04  Starport Reactor  
  143  11:05  SCV  
  143  11:06  SCV x2  
  143  11:08  Refinery  
  143  11:11  Refinery  
  146  11:15  Barracks Reactor x3  
  146  11:19  Concussive Shells  
  146  11:22  Marine x2, Siege Tank  
  146  11:24  Marine  
  146  11:25  Marine x2  
  154  11:30  Viking  
  154  11:31  Viking  
  98  11:32  Weapon Refit  
  158  11:38  Starport  
  158  11:39  Starport  
  157  11:40  Marine x2  
  157  11:42  Marine  
  157  11:43  Marine x2  
  162  11:50  Viking x2  
  162  11:54  Marine, Siege Tank  
  169  11:55  Marine x5  
  169  11:56  Starport  
  169  11:58  Marine x2  
  169  12:00  Viking, Marine  
  180  12:01  Supply Depot  
  180  12:02  Supply Depot x2  
  180  12:17  Command Center  
  180  12:20  Terran Ship Weapons Level 2  
  180  12:22  Marine x6  
  180  12:23  Viking x2, Marine x5  
  180  12:24  Command Center  
  180  12:26  Terran Infantry Weapons Level 3  
  195  12:30  Terran Infantry Armor Level 3  
  194  12:41  Marine  
  182  13:03  SCV x2  
  182  13:04  SCV x2  
  182  13:05  Marine x8  
  187  13:06  Medivac, Siege Tank  
  187  13:08  Marine  
  187  13:10  Starport Tech Lab  
  187  13:12  Starport Tech Lab  
  200  13:16  Starport Tech Lab  
  200  13:36  Refinery  
  200  13:39  Refinery  
  200  13:41  Missile Turret  
  200  13:43  Missile Turret  
  200  13:44  Command Center  
  200  13:46  Command Center  
  200  14:03  Missile Turret x2  
  200  14:04  Sensor Tower  
  200  14:06  Starport  
  200  14:07  Starport  
  200  14:09  Starport  
  200  14:12  Rapid Reignition System  
  131  16:03  Marine x2  
  131  16:04  Marauder, Marine x6  
  112  16:05  Marine x2  
  112  16:06  Siege Tank  
  112  16:07  Battlecruiser  
  112  16:08  Battlecruiser x2  
  128  16:25  Marauder  
  125  16:38  Orbital Command  
  123  16:47  Marauder  
  125  17:08  Marauder  
  127  17:12  Battlecruiser x2  
  137  17:15  Viking  
  137  17:16  Viking x3  
  137  17:18  Battlecruiser  
  137  17:19  Marine x3  
  137  17:20  Marine x3  
  157  17:29  Marauder  
  159  17:33  Orbital Command x2  
  159  17:34  SCV  
  159  17:35  SCV  
  162  17:39  Orbital Command  
  162  17:42  Marine x6  
  162  17:43  Marine x4  
  171  17:44  Viking  
  171  17:51  Refinery, Marauder  
  175  17:53  Refinery  
  175  17:59  Marine  
  175  18:00  Marine  
  177  18:06  SCV  
  177  18:07  SCV x3  
  177  18:10  SCV  
  177  18:12  Marauder  
  184  18:16  Battlecruiser x2  
  184  18:19  SCV x2  
  198  18:20  Sensor Tower  
  198  18:24  Marine x2  
  151  19:17  Marauder, Marine x6  
  143  19:18  Marine x4  
  143  19:20  Battlecruiser x3  
  169  19:34  Marine  
  170  19:39  Marauder  
  172  19:54  Marine x6  
  172  19:55  Marine x4  
  179  20:00  Marauder  
  167  20:11  Marine  
  167  20:12  Marine x5  
  167  20:13  Marine x3  
  154  20:21  Marauder  
  154  20:24  Battlecruiser x2  
  162  20:35  Marine x3  
  154  20:36  Marine x7  
  154  20:38  Battlecruiser  
  154  20:40  SCV  
  173  20:43  Marauder  
  173  20:53  Marine x4  
  173  20:54  Marine x5  
  173  21:04  Marauder  
  148  21:25  Marauder  
  148  21:26  Marine x2  
  148  21:27  Marine x5  
  148  21:28  Marine x3  
  148  21:29  Viking  
  136  21:44  Medivac, Marine x4  
  136  21:45  Medivac x3, Marine x6  
  156  21:47  Marauder  
  156  22:02  Marine x2  
  160  22:08  Marauder  
  141  22:22  Marine  
  141  22:23  Marine x6  
  141  22:24  Marine x3  
  150  22:30  Marauder  
  143  22:40  Medivac, Marine  
  143  22:41  Marine x2  
  143  22:51  Marauder  
  143  23:01  Orbital Command  
  143  23:06  Orbital Command  
  143  23:09  Marine  
  143  23:10  Marine x6  
  143  23:12  Marauder  
  152  23:34  Marauder  
  154  23:35  Viking x2  
  158  23:55  Marauder  
  114  24:16  Marauder  
  106  24:31  Marine x4  
  96  24:32  Marine x5  
  96  24:38  Marauder  
  105  24:59  Marauder  
  78  25:21  Marauder  
  66  25:38  Marine x3  
  66  25:39  Marine x7  
  66  25:40  Viking  
  66  25:41  Viking x2, Medivac  
  66  25:42  Marauder  
  84  25:56  Marine x4  
  84  25:57  Marine x5  
  86  26:03  Marauder  
  85  26:18  Marine  
  85  26:19  Marine x2  
  85  26:25  Marauder  
  85  26:37  Marine x5  
  85  26:38  Marine x5  
  93  26:43  SCV x2  
  93  26:46  Unknown, Marauder  
  91  26:54  Marine  
  91  26:55  SCV x2, Marine x2  
  91  26:59  Refinery x2  
  96  27:12  Marine x3  
  96  27:13  Marine  
  96  27:14  Marine x7  
  107  27:20  SCV  
  107  27:21  SCV  
  109  27:30  Marine x3  
  109  27:31  Marine  
  109  27:32  Marine x2  
  109  27:33  SCV x2  
  117  27:43  Command Center  
  95  28:19  SCV x2  
  97  28:26  Marauder, Marine x3  
  102  28:28  Starport Tech Lab x2  
  102  28:31  SCV x2  
  90  28:43  SCV x2, Starport Tech Lab  
  90  28:48  Marauder  
  88  28:55  SCV x2  
  90  28:59  Marine x3  
  90  29:00  Marine x3  
  90  29:01  Battlecruiser  
  102  29:07  SCV x2  
  102  29:09  Marauder  
  112  29:10  Battlecruiser  
  112  29:20  Orbital Command  
  112  29:28  Medivac x2  
  112  29:30  Marauder  
  112  29:43  Marine x6  
  112  29:44  Marine x4  
  115  29:52  Marauder  
  103  30:00  Marine  
  103  30:01  Marine x3  
  103  30:06  Viking, Battlecruiser  
  115  30:13  Marauder  
  112  30:28  Command Center  
  108  30:41  Marine  
  108  30:42  Marine x10  
  114  30:43  Battlecruiser  
  119  30:58  Battlecruiser  
  119  30:59  Marine  
  119  31:00  Marine x10  
  134  31:17  Marine  
  125  31:44  Marine  
  125  31:45  Marine x5  
Tags
 
Composition
Mech
League
Diamond
Matchup
TvT
Race
Terran
Spawn Locations
Cross Positions
Add a new tag
Caveats
  • Supply blocks, unpowered buildings, or Contaminate may cause inaccurate times.
  • Supply counts are checked every 10 seconds.